 Dungeon Crawl Stone Soup version 0.19.1-1-g22dce08 (webtiles) character file.

470 Letos the Slasher (level 7, -3/52 HPs)
             Began as a Formicid Fighter on Jan 14, 2017.
             Slain by an orc warrior
             ... wielding a +0 trident
              (19 damage)
             ... on level 6 of the Dungeon.
             The game lasted 00:04:54 (3971 turns).

Letos the Slasher (Formicid Fighter)                Turns: 3971, Time: 00:04:55

Health: -3/52      AC:  8    Str: 26    XL:     7   Next: 31%
Magic:  7/7        EV:  9    Int:  9    God:
Gold:   181        SH: 10    Dex: 10    Spells: 0 memorised, 6 levels left

rFire  + . .     SeeInvis +     a - +0 long sword
rCold  . . .     Gourm    .     u - +0 ring mail
rNeg   + . .     Faith    .     c - +0 shield
rPois  .         Spirit   .     (helmet unavailable)
rElec  .         Reflect  .     (no cloak)
rCorr  .         Harm     .     q - +0 pair of gloves
MR     .....                    n - +0 pair of boots
Stlth  ..........               (no amulet)
                                o - ring of protection from fire
                                e - ring of positive energy

@: mighty
A: permanent stasis, dig shafts and tunnels, four strong arms, antennae 3
a: Dig, Shaft Self


You were on level 6 of the Dungeon.
You were hungry.

You visited 1 branch of the dungeon, and saw 5 of its levels.

You collected 181 gold pieces.

Inventory:

Hand Weapons
 a - a +0 long sword (weapon)
Armour
 c - a +0 shield (worn)
 n - a +0 pair of boots (worn)
 q - a +0 pair of gloves (worn)
 u - a +0 ring mail (worn)
Jewellery
 e - a ring of positive energy (left hand)
 o - a ring of protection from fire (right hand)
Scrolls
 h - a scroll of magic mapping {unknown}
 i - a scroll of remove curse
 s - a scroll of noise {unknown}
 v - a scroll of enchant armour {unknown}
 x - a scroll of immolation {unknown}
Potions
 j - 3 potions of curing
 l - a potion of beneficial mutation {unknown}
 m - a potion of lignification {unknown}
 p - a potion of cure mutation
 r - 2 potions of brilliance
 t - 2 potions of ambrosia
Comestibles
 b - a slice of pizza
 f - 3 bread rations
 g - a meat ration
 k - a beef jerky


   Skills:
 - Level 3.2 Fighting
 * Level 6.9 Long Blades
 - Level 3.2 Armour
 + Level 4.8 Shields


You had 6 spell levels left.
You didn't know any spells.

Dungeon Overview and Level Annotations

Branches:
Dungeon (4/15)
 Temple: D:4-7

Altars:


Innate Abilities, Weirdness & Mutations

You are under a permanent stasis effect.
You can dig through walls and to a lower floor.
Your four strong arms can wield two-handed weapons with a shield.
You have a pair of large antennae on your head. (SInv)


Message History

You block the crimson imp's attack.
You hit the crimson imp.
You kill the crimson imp!
The orc warrior hits you with a trident!
You closely miss the orc warrior. You closely miss the orc warrior.
You block the orc warrior's attack.
Your shield and ring mail prevent you from hitting the orc warrior.
The orc warrior hits you with a trident!
* * * LOW HITPOINT WARNING * * *
You are too injured to fight recklessly!
You are too injured to fight recklessly!
You are too injured to fight recklessly!
You are too injured to fight recklessly!
You are too injured to fight recklessly!
Unknown command.
You feel very mighty all of a sudden. The orc warrior barely misses you.
You barely miss the orc warrior.
The orc warrior hits you with a trident!!
You die...

{{#..#.#####.
#..####o# ..
#.o.....## .#
#.######.##.#####
#................
.o#######{##....
#.# #>....+....
###{####n##.##....
#@#{{{...##.......
##o#{#######{#####
####.##.{{{....#
#.###'#####....
##...Y.........
#......<......
#.............
.......####....
.......... ...


You could see an orc warrior.

Vanquished Creatures
  An ice beast (D:6)
  A phantom (D:4)
  A howler monkey (D:6)
  A crimson imp (D:6)
  A bullfrog skeleton (D:4)
  An orc wizard (D:3)
  Robin (D:3)
  3 gnolls (D:3)
  2 adders
  2 oozes
  3 worms
  A dart slug (D:2)
  4 leopard geckos
  5 orcs
  18 bats
  A giant cockroach (D:3)
  14 goblins
  12 hobgoblins
  2 jackals (D:1)
  A kobold (D:3)
  2 ball pythons
  4 frilled lizards
  8 rats
89 creatures vanquished.

Notes
Turn   | Place    | Note
-------+----------+-------------------------------------------
     0 | D:1      | Letos the Formicid Fighter began the quest for the Orb.
     0 | D:1      | Reached XP level 1. HP: 18/18 MP: 1/1
   143 | D:1      | Reached XP level 2. HP: 24/24 MP: 2/2
   212 | D:1      | Reached skill level 3 in Long Blades
   265 | D:1      | Reached XP level 3. HP: 26/29 MP: 3/3
  1571 | D:2      | Reached skill level 4 in Long Blades
  1571 | D:2      | Reached XP level 4. HP: 33/35 MP: 4/4
  2669 | D:3      | Reached XP level 5. HP: 22/41 MP: 5/5
  2868 | D:3      | Noticed Robin
  2870 | D:3      | Reached skill level 5 in Long Blades
  2877 | D:3      | Killed Robin
  2914 | D:3      | Got a blackened helmet
  2916 | D:3      | Identified the +0 helmet of the Fiend {rC++} (You took it off Robin on level 3 of the Dungeon)
  3710 | D:3      | Reached XP level 6. HP: 46/47 MP: 6/6
  3798 | D:4      | Noticed a phantom
  3816 | D:4      | Killed a phantom
  3816 | D:4      | Reached skill level 6 in Long Blades
  3915 | D:4      | You fall through a shaft for 2 floors!
  3915 | D:6      | Noticed an ice beast
  3919 | D:6      | Noticed an orc warrior
  3943 | D:6      | Noticed a necrophage
  3960 | D:6      | Killed an ice beast
  3960 | D:6      | Reached XP level 7. HP: 41/52 MP: 7/7
  3971 | D:6      | Slain by an orc warrior

Skill      XL: |  1  2  3  4  5  6 |
---------------+-------------------+-----
Long Blades    | 3 4 5 6 |  6.9
Shields        | 4 |  4.8
Fighting       | |  3.2
Armour         | |  3.2

Action                   |  1- 3 |  4- 6 |  7- 9 || total
-------------------------+-------+-------+-------++-------
Melee: Long sword        |   120 |   227 |    10 ||   357
 Abil: Dig               |       |     6 |       ||     6
  Use: Scroll            |       |     7 |       ||     7
       Potion            |       |     1 |     1 ||     2
  Eat: Chunk             |     2 |     8 |       ||    10
Armor: Scale mail        |    68 |    37 |       ||   105
       Ring mail         |       |    50 |       ||    50
Dodge: Dodged            |    44 |    63 |     1 ||   108
Block: Shield            |    67 |   121 |     5 ||   193
       Rpst.: Long sword |    13 |    18 |       ||    31
